 Dungeon Crawl Stone Soup version 0.25-a0-697-g890751e744 (webtiles) character file.

Game seed: 8030746998865729635, levelgen mode: deterministic

3256 KiliKikkendorf the Cleaver (level 10, -11/84 HPs)
             Began as a Hill Orc Fighter on Apr 1, 2020.
             Was a Follower of Makhleb.
             Splashed by Pikel's acid (17 damage)
             ... on level 7 of the Dungeon.
             The game lasted 00:46:25 (6809 turns).

KiliKikkendorf the Cleaver (Hill Orc Fighter)       Turns: 6809, Time: 00:46:26

Health: -11/84     AC: 11    Str: 28    XL:     10   Next: 0%
Magic:  10/10      EV:  6    Int:  8    God:    Makhleb [*.....]
Gold:   153        SH: 14    Dex: 10    Spells: 9/9 levels left

rFire    . . .     SeeInvis .   d - +0 trident
rCold    . . .     Gourm    .   c - +1 kite shield
rNeg     . . .     Faith    .   j - +0 plate armour
rPois    .         Spirit   .   (no helmet)
rElec    .         Reflect  +   (no cloak)
rCorr    .         Harm     .   o - +2 pair of gloves
MR       .....                  p - +2 pair of boots
Stlth    ..........             v - +2 amulet of reflection
HPRegen  0.24/turn              w - ring of attention (curse)
MPRegen  0.12/turn              e - +5 ring of strength

@: about to teleport, corroded
A: no striking features
a: Renounce Religion


You were on level 7 of the Dungeon.
You worshipped Makhleb.
Makhleb was aware of your devotion.
You were not hungry.

You visited 2 branches of the dungeon, and saw 8 of its levels.

You collected 258 gold pieces.
You spent 105 gold pieces at shops.

Inventory:

Hand Weapons
 a - a +1 war axe
 d - a +0 trident (weapon)
 z - a +0 morningstar of pain
Missiles
 q - 66 bolts
Armour
 c - a +1 kite shield (worn)
 j - a +0 plate armour (worn)
 o - a +2 pair of gloves (worn)
 p - a +2 pair of boots (worn)
 A - +0 acid dragon scales
Jewellery
 e - a +5 ring of strength (right hand)
 i - an uncursed ring of ice
 u - a cursed ring of fire
 v - a +2 amulet of reflection (around neck)
 w - a cursed ring of attention (left hand)
 y - an uncursed amulet of the acrobat
Wands
 b - a wand of random effects (9)
 t - a wand of flame (21)
Scrolls
 h - a scroll of immolation
 l - 3 scrolls of enchant weapon
 n - a scroll of vulnerability {unknown}
 s - a scroll of magic mapping
 B - 2 scrolls of identify
Potions
 g - 7 potions of curing
 r - a potion of brilliance
 x - a potion of mutation {unknown}
Comestibles
 f - 13 rations


   Skills:
 + Level 6.4 Fighting
 - Level 9.0(10.7) Axes
 * Level 8.1(9.4) Polearms
 + Level 6.9 Armour
 - Level 0.1 Stealth
 + Level 7.3 Shields
 + Level 1.2 Evocations


You had 9 spell levels left.
You didn't know any spells.
Your spell library contained the following spells:

 Spells                   Type           Power        Failure   Level  Hunger
 Beastly Appendage        Tmut           #.....       100%        1    ##.....
 Corpse Rot               Necr/Air       N/A          100%        2    ###....
 Sublimation of Blood     Necr           #.........   100%        2    ###....
 Petrify                  Tmut/Erth      #.......     100%        4    #####..
 Agony                    Necr           #.......     100%        5    ######.
 Irradiate                Conj/Tmut      #.........   100%        5    ######.


Dungeon Overview and Level Annotations

Branches:
Dungeon (7/15)             Temple (1/1) D:6

Altars:
Ashenzari
Cheibriados
Dithmenos
Elyvilon
Fedhas
Gozag
Hepliaklqana
Kikubaaqudgha
Makhleb
Okawaru
Qazlal
Sif Muna
Trog
Uskayaw
Vehumet
Xom
Yredelemnul
Zin
The Shining One

Shops:
D:4 [   D:5 *=

Annotations:
D:7 Pikel


Message History

Pikel zaps a wand.
The bolt of acid hits you. The acid corrodes you!
You are splashed with acid!
* * * LOW HITPOINT WARNING * * *
You feel much better.
Pikel hits you with a +0 whip of flaming.
Pikel burns you.
You feel much better.
Pikel zaps a wand.
The bolt of acid hits you!
You are splashed with acid!
* * * LOW HITPOINT WARNING * * *
As you read the scroll of teleportation, it crumbles to dust.
You feel strangely unstable.
Pikel hits you with a +0 whip of flaming.
* * * LOW HITPOINT WARNING * * *
Pikel burns you.
* * * LOW HITPOINT WARNING * * *
Unknown command.
Pikel zaps a wand.
The bolt of acid hits you!
* * * LOW HITPOINT WARNING * * *
You are splashed with acid!
You die...

.. .. .# .. .# #. .# #. .#
#.## . #########.#..# .. #
.....#.... #.## ###... ##
#...#####@.# ..p... .##
####...)..###)# #.#...
..###....####†###K###.K..#
......#######...pop...#
..##### ##....[#......#
.## ##..........##)......
.## #...........# .......
..# #..........<# .......
..# #.<.)......## .......


You could see Pikel, a slave and an orc.

Vanquished Creatures
  The ghost of Shavain the Shield-Bearer, a novice VSFi of Okawaru (D:4)
  Maggie (D:7)
  Grinder (D:3)
  Sigmund (D:3)
  Purgy (D:3)
  A sky beast (D:7)
  A phantom (D:6)
  2 centaurs (D:6)
  4 ogres
  A bullfrog (D:7)
  2 scorpions (D:5)
  5 wights
  2 crimson imps (D:5)
  4 howler monkeys
  3 bullfrog zombies
  A hound (D:7)
  A jelly (D:5)
  An orc priest (D:7)
  An iguana (D:5)
  4 orc wizards
  Natasha (D:1)
  8 worker ants
  3 hound skeletons
  14 gnolls
  A howler monkey skeleton (D:5)
  8 adders
  A shadow imp (D:5)
  An ooze (D:1)
  2 adder skeletons
  2 worms (D:3)
  8 leopard geckos
  21 orcs
  6 bats
  5 giant cockroaches
  7 goblins
  7 hobgoblins
  9 kobolds
  7 quokkas
  2 frilled lizards
  2 leopard gecko skeletons
  A quokka skeleton (D:5)
  2 quokka zombies
  5 rats
161 creatures vanquished.

Notes
Turn   | Place    | Note
-------+----------+-------------------------------------------
     0 | D:1      | KiliKikkendorf the Hill Orc Fighter began the quest for the
                  | Orb.
     0 | D:1      | Reached XP level 1. HP: 19/19 MP: 1/1
   131 | D:1      | Reached XP level 2. HP: 24/27 MP: 2/2
   176 | D:1      | Reached skill level 3 in Axes
   254 | D:1      | Reached XP level 3. HP: 25/33 MP: 3/3
  1249 | D:2      | Noticed Natasha
  1277 | D:1      | Reached XP level 4. HP: 37/40 MP: 4/4
  1396 | D:1      | Killed Natasha
  1396 | D:1      | Reached skill level 4 in Axes
  1512 | D:2      | Reached XP level 5. HP: 43/46 MP: 5/5
  1673 | D:2      | Found a basalt altar of Yredelemnul,
  1942 | D:3      | Noticed Purgy
  1956 | D:3      | Killed Purgy
  1956 | D:3      | Reached skill level 5 in Axes
  1956 | D:3      | Reached XP level 6. HP: 31/53 MP: 6/6
  2108 | D:3      | Found a hide-covered altar of Uskayaw,
  2205 | D:3      | Noticed Sigmund
  2225 | D:3      | Killed Sigmund
  2225 | D:3      | Reached skill level 6 in Axes
  2628 | D:3      | Reached XP level 7. HP: 60/60 MP: 7/7
  2671 | D:3      | Noticed Grinder
  2689 | D:3      | Paralysed by Grinder for 7 turns
  2700 | D:3      | Paralysed by Grinder for 7 turns
  2713 | D:3      | Killed Grinder
  2713 | D:3      | Reached skill level 7 in Axes
  2713 | D:3      | Reached skill level 5 in Armour
  2713 | D:3      | Reached skill level 5 in Shields
  2865 | D:4      | Found a snail-covered altar of Cheibriados,
  2867 | D:4      | Found a hazy altar of Hepliaklqana,
  3464 | D:4      | Identified the Guide on Unholy Transformation
  3529 | D:4      | Found a runed translucent door,
  3532 | D:4      | Noticed Shavain's ghost (novice VSFi)
  3739 | D:4      | Found Rigempun's Armour Shoppe,
  4088 | D:4      | Killed Shavain's ghost
  4088 | D:4      | Reached skill level 5 in Fighting
  4088 | D:4      | Reached skill level 8 in Axes
  4088 | D:4      | Reached XP level 8. HP: 64/68 MP: 8/8
  4118 | D:5      | Entered Level 5 of the Dungeon
  4132 | D:5      | Reached skill level 9 in Axes
  4236 | D:5      | Reached skill level 1 in Polearms
  4380 | D:5      | Reached skill level 1 in Evocations
  4404 | D:5      | Found Umnieta's General Store,
  4462 | D:5      | Found Wuewn's Jewellery Shop,
  4526 | D:5      | Bought a +2 amulet of reflection for 105 gold pieces
  4839 | D:5      | Reached XP level 9. HP: 73/75 MP: 9/9
  5300 | D:6      | Found a shimmering blue altar of Sif Muna,
  5329 | D:6      | Found a staircase to the Ecumenical Temple,
  5349 | D:6      | Reached skill level 5 in Polearms
  5361 | Temple   | Entered the Ecumenical Temple
  5596 | Temple   | Became a worshipper of Makhleb the Destroyer
  5659 | D:6      | Found an iron altar of Okawaru,
  5719 | D:6      | Found a glowing golden altar of the Shining One,
  5800 | D:6      | Found a blossoming altar of Fedhas,
  6583 | D:7      | Noticed Maggie
  6689 | D:7      | Reached * piety under Makhleb
  6703 | D:7      | Killed Maggie
  6778 | D:7      | Noticed Pikel
  6792 | D:7      | Reached XP level 10. HP: 63/84 MP: 10/10
  6809 | D:7      | Splashed by Pikel's acid

Levels and vault maps discovered:
D:1:      matt_arrival_spirals, layout_loops_ring
D:2:      layout_basic, yredelemnul_altar_generic, serial_bayou_pond_c,
          uniq_natasha
D:3:      layout_loops_cross, lemuel_round_altar, first_ration, uniq_grinder,
          uniq_purgy, uniq_sigmund
D:4:      layout_basic, chequers_temple_overflow_statue_of_worship,
          serial_shops, kennysheep_little_box, ebering_ghost_reflecting_pool,
          minivault_26
D:5:      layout_basic, serial_shops, nicolae_shop_trees, serial_bayou,
          serial_bayou_shore_a, serial_bayou_pond_b, serial_bayou_crossing,
          serial_bayou_pond_c, minmay_shop_enchanted_jewellery
D:6:      layout_basic, overflow_temple_1_default,
          nicolae_overflow_crystal_walls, fedhas_bush_and_centaur_altar,
          minmay_temple_entry_overgrown, dk_vineyard_1, corexii_checkpoint_a,
          nicolae_tso_carved_into_rock
D:7:      layout_rooms, uniq_pikel, uniq_duvessa, uniq_crazy_yiuf_cottage,
          uniq_maggie
Temple:   nicolae_temple_figure_eight

Skill      XL: |  1  2  3  4  5  6  7  8  9 |
---------------+----------------------------+-----
Axes           | 3 4 5 6 8 9 |  9.0
Fighting       | 4 5 6 |  6.4
Armour         | 4 5 6 |  6.9
Shields        | 4 5 6 7 |  7.3
Polearms       | 4 8 |  8.1
Evocations     | 1 |  1.2
Stealth        | |  0.1

Action                   |  1- 3 |  4- 6 |  7- 9 | 10-12 || total
-------------------------+-------+-------+-------+-------++-------
Melee: War axe           |    93 |   113 |   105 |       ||   311
       Trident           |       |       |   419 |    13 ||   432
Evoke: Wand              |       |       |    11 |       ||    11
  Use: Scroll            |     3 |     1 |     7 |     1 ||    12
       Potion            |     1 |     3 |     6 |     2 ||    12
  Eat: Chunk             |     1 |     3 |     4 |       ||     8
       Ration            |       |     1 |     3 |       ||     4
Armor: Scale mail        |    42 |    33 |       |       ||    75
       Chain mail        |       |    19 |    81 |       ||   100
       Plate armour      |       |       |   107 |     2 ||   109
Dodge: Dodged            |    25 |    28 |    75 |     1 ||   129
Block: Kite shield       |    48 |    80 |   276 |     5 ||   409

Table legend:
 A = Non-vault XP
 B = Vault XP
 C = Vault XP percentage of total XP
 D = Non-vault monster count
 E = Vault monster count
 F = Vault count percentage of total count
                 A         B        C        D         E       F
            +---------+---------+-------+---------+---------+-------
      Total |    2875 |    1777 |  38.2 |     150 |      11 |   6.8
            +---------+---------+-------+---------+---------+-------
        D:1 |      88 |      35 |  28.5 |      26 |       1 |   3.7
        D:2 |      73 |       0 |   0.0 |      14 |       0 |   0.0
        D:3 |      76 |     649 |  89.5 |      21 |       3 |  12.5
        D:4 |     141 |     442 |  75.8 |      14 |       1 |   6.7
        D:5 |     811 |     121 |  13.0 |      30 |       2 |   6.2
        D:6 |     755 |     121 |  13.8 |      23 |       3 |  11.5
        D:7 |     931 |     409 |  30.5 |      22 |       1 |   4.3
            +---------+---------+-------+---------+---------+-------
